[Event "Titled Tuesday Blitz June 6 Early 2023"]
[White "Kriti Mayur Patel"]
[Black "Estrada Nieto, Julian"]
[WhiteFideId "35061780"]
[BlackFideId "5101018"]
[WhiteElo "1306"]
[BlackElo "2161"]
[Result "0-1"]
[Round "2"]
[TimeControl "180+2"]
[Date "2023.06.06"]
[WhiteClock "0:00:50"]
[BlackClock "0:00:18"]
[Board "185"]

1. e4 e5 2. Nf3 Nc6 3. Bc4 Bc5 4. c3 Nf6 5. d3 d6 6. Nbd2 a6 7. Bb3 Ba7 8. h3 h6 9. Nf1 Be6 10. Ng3 Qd7 11. O-O g5 12. Ba4 g4 13. hxg4 Bxg4 14. d4 b5 15. Bc2 Rg8 16. dxe5 Nxe5 17. Nxe5 dxe5 18. Qxd7+ Nxd7 19. Kh2 h5 20. a4 b4 21. cxb4 O-O-O 22. Bd3 Kb7 23. Bd2 Nf6 24. Bxa6+ Kxa6 25. Bc3 h4 26. Nf5 Bxf5 27. exf5 Bd4 28. b5+ Kb6 29. Rfb1 Ne4 30. Be1 Nxf2 31. Ra3 Ng4+ 32. Kh1 e4 33. Rb3 Nf2+ 34. Kh2 Nd3 35. a5+ Kb7 36. Bd2 Be5+ 37. Kh1 Rg3 38. a6+ Ka7 39. Ba5 Nf2+ 40. Kg1 Rxb3 41. Kxf2 Rxb5 42. Bd2 Rxb2 43. Rxb2 Bxb2 44. Be3+ Kxa6 45. g3 hxg3+ 46. Kxg3 Be5+ 47. Kg4 Rd3 48. Bg5 c6 49. f6 e3 50. Kf5 e2 51. Bh4 Rd1 52. Kxe5 e1=Q+ 53. Bxe1 Rxe1+ 54. Kd6 Rf1 55. Ke7 Rxf6 56. Kxf6 Kb5 57. Kxf7 c5 58. Ke6 Kb4 59. Kd5 c4 60. Ke5 Kb3 61. Kd6 c3 62. Kd7 Kb2 63. Ke7 c2 64. Ke6 Kb1 65. Kd6 c1=Q 66. Kd7 Qc3 67. Ke7 Kb2 68. Ke6 Kb3 69. Kd7 Kb4 70. Ke7 Qc5+ 71. Ke6 Kb5 72. Kd7 Qb6 73. Ke8 Kc5 74. Kf7 Kd5 75. Ke7 Qd6+ 76. Kf7 Qe6+ 77. Kf8 Qd7 78. Kg8 Ke6 79. Kh8 Kf6 80. Kg8 Qf7+ 81. Kh8 Qg7# 0-1


[Site "https://www.chess.com"]

[Event "Titled Tuesday Blitz June 6 Early 2023"]
[White "Cramling Bellon, Anna"]
[Black "Dinu, Dumitru-Daniel"]
[WhiteFideId "32009232"]
[BlackFideId "1208403"]
[WhiteElo "1976"]
[BlackElo "2240"]
[Result "0-1"]
[Round "2"]
[TimeControl "180+2"]
[Date "2023.06.06"]
[WhiteClock "0:00:01"]
[BlackClock "0:00:12"]
[Board "186"]

1. d4 Nf6 2. c4 e6 3. Nc3 Bb4 4. Qc2 O-O 5. e4 d5 6. cxd5 exd5 7. e5 Ne4 8. Bd3 c5 9. Nf3 Nc6 10. O-O cxd4 11. Nxd5 Qxd5 12. Bxe4 d3 13. Bxd3 h6 14. Bf4 Bg4 15. Bc4 Qd7 16. Rad1 Qe7 17. Qg6 Bxf3 18. Bxh6 Qxe5 19. gxf3 Kh8 20. Bxf7 Ne7 21. Qg4 Rxf7 22. Qxb4 gxh6 23. Qxb7 Rg8+ 24. Kh1 Qf5 25. Qe4 Qxf3+ 26. Qxf3 Rxf3 27. Rd7 Nf5 28. Rxa7 Ne3 29. Rg1 Rxf2 30. Rxg8+ Kxg8 31. b3 Rf1# 0-1


[Site "https://www.chess.com"]

[Event "Titled Tuesday Blitz June 6 Early 2023"]
[White "Pham, Le Thao Nguyen"]
[Black "KSho99"]
[WhiteFideId "12401226"]
[WhiteElo "2286"]
[BlackElo "2200"]
[Result "1-0"]
[Round "2"]
[TimeControl "180+2"]
[Date "2023.06.06"]
[WhiteClock "0:00:14"]
[BlackClock "0:00:04"]
[Board "187"]

1. d4 e6 2. Nf3 f5 3. g3 Nf6 4. Bg2 d5 5. Bf4 Be7 6. c3 O-O 7. Nbd2 Ne4 8. h4 b6 9. Ne5 Bb7 10. Ndf3 Nd7 11. Nxd7 Qxd7 12. Ne5 Qe8 13. f3 Nd6 14. Qc1 c5 15. e3 Rc8 16. Kf2 Nf7 17. Qd2 Nxe5 18. Bxe5 Ba6 19. h5 Bg5 20. f4 Be7 21. Bf3 Bf6 22. Bd6 Rf7 23. Rag1 Rd7 24. Be5 Bxe5 25. fxe5 Qe7 26. g4 f4 27. exf4 cxd4 28. cxd4 Rdc7 29. Rc1 Bc4 30. b3 Ba6 31. Kg3 Rxc1 32. Rxc1 Rxc1 33. Qxc1 Qd7 34. Qc3 Bb5 35. Qc2 Bc6 36. f5 exf5 37. gxf5 Bb7 38. Kf4 g6 39. hxg6 hxg6 40. fxg6 Kg7 41. Qf5 Qxf5+ 42. Kxf5 Bc8+ 43. Kg5 Be6 44. Bh5 Bg8 45. Bg4 a6 46. Bd7 1-0


[Site "https://www.chess.com"]

[Event "Titled Tuesday Blitz June 6 Early 2023"]
[White "rionelG"]
[Black "Gil Alba, Hector Luis"]
[BlackFideId "3504670"]
[WhiteElo "2199"]
[BlackElo "2331"]
[Result "0-1"]
[Round "2"]
[TimeControl "180+2"]
[Date "2023.06.06"]
[WhiteClock "0:00:09"]
[BlackClock "0:01:27"]
[Board "188"]

1. e4 c5 2. g3 Nc6 3. Bg2 e6 4. Ne2 d5 5. exd5 exd5 6. O-O Nf6 7. d4 cxd4 8. Nxd4 Bc5 9. Re1+ Ne4 10. Bxe4 dxe4 11. Rxe4+ Be6 12. c3 O-O 13. Be3 Bd5 14. Rh4 Ne5 15. Qh5 Qxh4 16. gxh4 Bxd4 17. Bxd4 Nf3+ 18. Kf1 Rad8 19. Na3 Rfe8 20. Rd1 Nxh2+ 21. Kg1 Nf3+ 22. Kf1 Nh2+ 23. Kg1 Nf3+ 24. Kf1 Rd6 25. Nc2 Nh2+ 26. Kg1 Nf3+ 27. Kf1 Bc6 28. Ne3 Nh2+ 29. Ke2 Bf3+ 30. Qxf3 Nxf3 31. Kxf3 f6 32. Rg1 a6 0-1


[Site "https://www.chess.com"]

[Event "Titled Tuesday Blitz June 6 Early 2023"]
[White "Lorenzo De La Riva, Lazaro"]
[Black "Ruge, Edison"]
[WhiteFideId "2268809"]
[BlackFideId "4401000"]
[WhiteElo "2294"]
[BlackElo "2175"]
[Result "1-0"]
[Round "2"]
[TimeControl "180+2"]
[Date "2023.06.06"]
[WhiteClock "0:01:50"]
[BlackClock "0:01:01"]
[Board "189"]

1. d4 d5 2. Nc3 f5 3. Bf4 c6 4. h4 Nf6 5. e3 e6 6. Nf3 Bd6 7. Bd3 Qc7 8. g3 Ne4 9. Ne2 Nd7 10. Bxd6 Qxd6 11. c4 Ndf6 12. c5 Qc7 13. Ne5 Qa5+ 14. Kf1 Ng4 15. Nxg4 fxg4 16. Bxe4 dxe4 17. Nc3 O-O 18. Nxe4 Qb5+ 19. Kg2 Qxb2 20. Qd3 e5 21. Rhb1 Qxa1 22. Rxa1 Be6 23. Nd6 exd4 24. e4 Rf3 25. Qxd4 Raf8 26. Rb1 1-0


[Site "https://www.chess.com"]

[Event "Titled Tuesday Blitz June 6 Early 2023"]
[White "Aarav Dengla"]
[Black "ZeGood_ZeBad_ZeUgly"]
[WhiteFideId "45059756"]
[WhiteElo "2288"]
[BlackElo "2194"]
[Result "1-0"]
[Round "2"]
[TimeControl "180+2"]
[Date "2023.06.06"]
[WhiteClock "0:00:19"]
[BlackClock "0:00:01"]
[Board "190"]

1. e4 c5 2. Nf3 e6 3. g3 Nc6 4. Bg2 Nf6 5. Qe2 Be7 6. e5 Nd5 7. c4 Ndb4 8. d3 O-O 9. a3 Na6 10. Nc3 f5 11. exf6 Bxf6 12. O-O Nd4 13. Nxd4 Bxd4 14. Nb5 Bf6 15. Bf4 d5 16. cxd5 exd5 17. Bd6 Re8 18. Bxd5+ Kh8 19. Qf3 Bd7 20. Nc3 Bh3 21. Bxb7 Qxd6 22. Bxa8 Bxf1 23. Rxf1 Nc7 24. Ne4 Qd4 25. Nxf6 gxf6 26. Be4 Ne6 27. Bxh7 Ng5 28. Qh5 Re7 29. Bf5+ Kg8 30. h4 Ne6 31. Re1 Qd5 32. Bxe6+ Rxe6 33. Qxd5 1-0


[Site "https://www.chess.com"]

[Event "Titled Tuesday Blitz June 6 Early 2023"]
[White "Antonova, Nadezhda"]
[Black "Garcia Cuenca, Victor"]
[WhiteFideId "14700182"]
[BlackFideId "2250829"]
[WhiteElo "1795"]
[BlackElo "2329"]
[Result "1/2-1/2"]
[Round "2"]
[TimeControl "180+2"]
[Date "2023.06.06"]
[WhiteClock "0:00:50"]
[BlackClock "0:00:20"]
[Board "191"]

1. Nf3 d6 2. b3 Nf6 3. Bb2 e5 4. g3 g6 5. Bg2 Bg7 6. O-O O-O 7. c4 Nc6 8. d3 a5 9. a3 h6 10. Nc3 Bf5 11. Nd2 Qd7 12. Re1 Bh3 13. Bh1 Nh5 14. Nd5 f5 15. e3 f4 16. exf4 exf4 17. Bxg7 Kxg7 18. Ne4 Rf7 19. Qd2 Raf8 20. Qc3+ Kh7 21. Ra2 Ne5 22. d4 Ng4 23. Qxa5 fxg3 24. hxg3 Nxg3 25. Nxg3 Rxf2 26. Rxf2 Rxf2 27. Qxc7 Qxc7 28. Nxc7 Rb2 29. b4 h5 30. Bxb7 h4 31. Ne4 Rg2+ 32. Kh1 Kh6 33. Ne6 Rh2+ 34. Kg1 Rg2+ 35. Kh1 Rh2+ 36. Kg1 Rg2+ 37. Kh1 1/2-1/2


[Site "https://www.chess.com"]

[Event "Titled Tuesday Blitz June 6 Early 2023"]
[White "Hristodoulou, Panagiotis"]
[Black "Ciuffoletti, Paolo"]
[WhiteFideId "4214340"]
[BlackFideId "807630"]
[WhiteElo "2272"]
[BlackElo "2143"]
[Result "1-0"]
[Round "2"]
[TimeControl "180+2"]
[Date "2023.06.06"]
[WhiteClock "0:01:36"]
[BlackClock "0:00:03"]
[Board "192"]

1. e4 c5 2. Nf3 Nc6 3. d4 cxd4 4. Nxd4 Nf6 5. Nc3 e5 6. Ndb5 d6 7. Bg5 a6 8. Na3 b5 9. Bxf6 gxf6 10. Nd5 f5 11. c3 Bg7 12. exf5 Bxf5 13. Nc2 Be6 14. g3 Ne7 15. Bg2 Rc8 16. Nce3 O-O 17. O-O f5 18. Nxe7+ Qxe7 19. Bd5 f4 20. Bxe6+ Qxe6 21. Qd5 Qxd5 22. Nxd5 Rc5 23. Rad1 fxg3 24. hxg3 Kf7 25. Rd3 Ke6 26. Rfd1 e4 27. Nf4+ Ke7 28. Rxd6 Be5 29. Re6+ Kf7 30. Rd7+ Kg8 31. Nd5 1-0


[Site "https://www.chess.com"]

[Event "Titled Tuesday Blitz June 6 Early 2023"]
[White "Pinales Roussel, Gabriel"]
[Black "Grunberg, Mihai-Lucian"]
[WhiteFideId "3101762"]
[BlackFideId "1204149"]
[WhiteElo "2027"]
[BlackElo "2363"]
[Result "0-1"]
[Round "2"]
[TimeControl "180+2"]
[Date "2023.06.06"]
[WhiteClock "0:00:24"]
[BlackClock "0:02:33"]
[Board "193"]

1. d4 c5 2. d5 Nf6 3. c4 e6 4. Nc3 exd5 5. cxd5 d6 6. e4 a6 7. h3 b5 8. Bd3 c4 9. Bc2 Nbd7 10. f4 g6 11. Nf3 Bg7 12. O-O O-O 13. e5 dxe5 14. fxe5 Nh5 15. Re1 Re8 16. g4 Nxe5 17. Nxe5 Bxe5 18. gxh5 Qh4 19. Be4 Bxh3 20. Qd2 Qg3+ 21. Bg2 Bxg2 0-1


[Site "https://www.chess.com"]

[Event "Titled Tuesday Blitz June 6 Early 2023"]
[White "Nemec, Jachym"]
[Black "Araujo Filho, Luiz Antonio Coel"]
[WhiteFideId "23716525"]
[BlackFideId "2130661"]
[WhiteElo "2347"]
[BlackElo "2056"]
[Result "1-0"]
[Round "2"]
[TimeControl "180+2"]
[Date "2023.06.06"]
[WhiteClock "0:01:30"]
[BlackClock "0:00:05"]
[Board "194"]

1. b3 f5 2. Bb2 Nf6 3. g3 g6 4. Bg2 Bg7 5. Nh3 O-O 6. O-O d6 7. d4 c6 8. c4 Qe8 9. d5 c5 10. Nd2 Nbd7 11. Nf4 Ne5 12. Ne6 Bxe6 13. dxe6 Nc6 14. Qc2 Nd8 15. Bd5 Nxd5 16. cxd5 b5 17. f4 Nb7 18. Bxg7 Kxg7 19. e4 a5 20. a4 bxa4 21. bxa4 fxe4 22. Qb2+ Kg8 23. Qxb7 e3 24. Nc4 e2 25. Rfe1 g5 26. Qd7 Qh5 27. Qxe7 gxf4 28. Qh4 Qxd5 29. Qg4+ Kh8 30. Qxe2 f3 31. Qb2+ Kg8 32. Nb6 f2+ 33. Qxf2 Qc6 34. Qb2 1-0


[Site "https://www.chess.com"]

[Event "Titled Tuesday Blitz June 6 Early 2023"]
[White "Herman, Daniel"]
[Black "Francisco_Ferrari"]
[WhiteFideId "30935008"]
[WhiteElo "1897"]
[BlackElo "2143"]
[Result "1-0"]
[Round "2"]
[TimeControl "180+2"]
[Date "2023.06.06"]
[WhiteClock "0:00:37"]
[BlackClock "0:00:13"]
[Board "195"]

1. c4 e6 2. Nf3 d5 3. e3 Nf6 4. b3 Be7 5. Bb2 O-O 6. g4 b6 7. g5 Ne4 8. d3 Nxg5 9. Rg1 Nxf3+ 10. Qxf3 f6 11. Nc3 Bb7 12. Bg2 Bb4 13. O-O-O Qe7 14. cxd5 Bxc3 15. Bxc3 Bxd5 16. Qg4 Nd7 17. e4 Bb7 18. Bh3 Nc5 19. Bb4 a5 20. Bxc5 Qxc5+ 21. Kb1 Qe7 22. Qxe6+ Qxe6 23. Bxe6+ Kh8 24. Rc1 c5 25. f4 Rad8 26. Bc4 Rd4 27. Rg3 Rfd8 28. Rcg1 g6 29. h4 a4 30. h5 gxh5 31. Rg8+ Rxg8 32. Rxg8# 1-0


[Site "https://www.chess.com"]

[Event "Titled Tuesday Blitz June 6 Early 2023"]
[White "Zallio, Luciano de Souza"]
[Black "Garcia Jimenez, Francisco Javier"]
[WhiteFideId "2109700"]
[BlackFideId "2231590"]
[WhiteElo "2057"]
[BlackElo "2246"]
[Result "0-1"]
[Round "2"]
[TimeControl "180+2"]
[Date "2023.06.06"]
[WhiteClock "0:02:39"]
[BlackClock "0:02:56"]
[Board "196"]

1. e4 d5 2. exd5 Qxd5 3. Nf3 Bg4 4. Be2 Nc6 5. O-O O-O-O 6. d4 e6 7. c3 Bd6 8. Nbd2 Nf6 9. c4 Qh5 10. c5 Bxh2+ 11. Nxh2 Bxe2 12. Qe1 Bxf1 13. Qxf1 Nxd4 0-1


[Site "https://www.chess.com"]

[Event "Titled Tuesday Blitz June 6 Early 2023"]
[White "Kaplan, Avi Harrison"]
[Black "Winkels, Marcel"]
[WhiteFideId "30934559"]
[BlackFideId "1003887"]
[WhiteElo "1983"]
[BlackElo "1900"]
[Result "1-0"]
[Round "2"]
[TimeControl "180+2"]
[Date "2023.06.06"]
[WhiteClock "0:00:12"]
[BlackClock "0:00:04"]
[Board "197"]

1. a4 e5 2. h4 d5 3. h5 h6 4. a5 Nf6 5. Nf3 Nc6 6. d4 e4 7. Ne5 Bd6 8. Nxc6 bxc6 9. c4 O-O 10. Nc3 Rb8 11. c5 Be7 12. a6 Ng4 13. Qc2 e3 14. Bxe3 Nxe3 15. fxe3 Bh4+ 16. Kd2 Bg5 17. Ra3 Re8 18. Nd1 Qf6 19. Qc3 Bf5 20. g3 Be4 21. Rg1 Qe7 22. Bg2 Bh7 23. Rf1 Rb5 24. Rb3 Reb8 25. Rxb5 cxb5 26. b4 c6 27. Bh3 Re8 28. Bf5 Bxf5 29. Rxf5 Qe6 30. Rf3 Qg4 31. Qd3 Qxh5 32. Qf5 Qg6 33. Qxg6 fxg6 34. Kd3 Bf6 35. Nf2 g5 36. Ng4 Rf8 37. e4 dxe4+ 38. Kxe4 Re8+ 39. Kd3 Bd8 40. Ne5 Be7 41. Nxc6 Bf6 42. Nxa7 Re6 43. c6 Rd6 44. c7 Rxd4+ 45. Ke3 Rc4 46. c8=Q+ Rxc8 47. Nxc8 Kf7 48. a7 1-0


[Site "https://www.chess.com"]

[Event "Titled Tuesday Blitz June 6 Early 2023"]
[White "Lisjak, Zlatko"]
[Black "Buchenau, Frank"]
[WhiteFideId "14502186"]
[BlackFideId "4604350"]
[WhiteElo "1998"]
[BlackElo "2157"]
[Result "0-1"]
[Round "2"]
[TimeControl "180+2"]
[Date "2023.06.06"]
[WhiteClock "0:00:02"]
[BlackClock "0:00:56"]
[Board "198"]

1. d4 e6 2. Nc3 Nf6 3. Bf4 d5 4. e3 a6 5. Nf3 c5 6. dxc5 Bxc5 7. Bd3 Nc6 8. O-O O-O 9. e4 d4 10. Ne2 Nh5 11. Bd2 e5 12. a3 Bg4 13. Ng3 Nf4 14. Bc4 Qf6 15. h3 Nxh3+ 16. Kh2 Nf4 17. Rh1 h5 18. Kg1 h4 19. Nf1 h3 20. g3 Ng2 21. N1h2 Bh5 22. g4 Bg6 23. Bg5 Qd6 24. Qe2 d3 25. cxd3 Nd4 26. Nxd4 Qxd4 27. Rf1 Nf4 28. Bxf4 exf4 29. Nf3 Qd7 30. Rxh3 Qxg4+ 31. Kh2 Rfd8 32. Rg1 Bh5 0-1


[Site "https://www.chess.com"]

[Event "Titled Tuesday Blitz June 6 Early 2023"]
[White "Schain, Randolph"]
[Black "Miszler, Levente"]
[WhiteFideId "2003139"]
[BlackFideId "763276"]
[WhiteElo "2123"]
[BlackElo "2176"]
[Result "0-1"]
[Round "2"]
[TimeControl "180+2"]
[Date "2023.06.06"]
[WhiteClock "0:00:38"]
[BlackClock "0:01:47"]
[Board "199"]

1. e4 c6 2. d4 d5 3. e5 Bf5 4. Nf3 c5 5. c3 Nc6 6. Bd3 Bxd3 7. Qxd3 e6 8. O-O f6 9. Re1 f5 10. Be3 b6 11. Nbd2 Rc8 12. Rac1 c4 13. Qc2 Nge7 14. Bg5 h6 15. Bxe7 Bxe7 16. Nf1 O-O 17. Ng3 b5 18. a3 a5 19. Ra1 Ra8 20. Qd2 Bg5 21. Qe2 b4 22. axb4 axb4 23. h3 Be7 24. Nh5 Qb6 25. Nf4 Na5 26. Ng6 Rfe8 27. Nxe7+ Rxe7 28. Nh4 Rea7 29. Qh5 Qb7 30. Re3 bxc3 31. bxc3 Qf7 32. Qxf7+ Kxf7 33. Re2 Nb3 34. Rxa7+ Rxa7 35. Nf3 Ra1+ 36. Kh2 Rc1 37. Re3 f4 38. Re2 Rxc3 39. Ra2 Rd3 40. Ra7+ Kg6 41. Nh4+ Kh7 42. Nf3 c3 43. Rc7 Na5 44. Ne1 Rd1 45. Nd3 Nc4 46. Nxf4 c2 47. Ne2 Re1 0-1


[Site "https://www.chess.com"]

[Event "Titled Tuesday Blitz June 6 Early 2023"]
[White "Szyszylo, Rafal"]
[Black "Naguleswaran, Annorjan"]
[WhiteFideId "1109626"]
[BlackFideId "2093197"]
[WhiteElo "1951"]
[BlackElo "2106"]
[Result "0-1"]
[Round "2"]
[TimeControl "180+2"]
[Date "2023.06.06"]
[WhiteClock "0:00:01"]
[BlackClock "0:00:03"]
[Board "200"]

1. e4 e5 2. Bc4 Nf6 3. Nc3 Nxe4 4. Qh5 Nd6 5. Bb3 Nc6 6. Nb5 g6 7. Qf3 Qe7 8. Nxc7+ Kd8 9. Nxa8 b6 10. Ne2 Bb7 11. Qh3 Bxa8 12. O-O Bg7 13. d3 Nf5 14. c3 Na5 15. Ng3 Nh4 16. Ne4 h6 17. f4 f5 18. g3 fxe4 19. Qxh4 Bf6 20. Qg4 exd3 21. Be3 exf4 22. Qxf4 Bg5 23. Qxg5 hxg5 24. Bd4 Rh5 25. Rae1 Qh7 26. Rf8+ Kc7 27. Be5+ Kb7 28. Rf2 Ka6 29. Bc4+ Nxc4 30. Bd4 d2 31. Rd1 Qe7 32. b3 Qe4 33. Rdxd2 Qh1# 0-1


[Site "https://www.chess.com"]

[Event "Titled Tuesday Blitz June 6 Early 2023"]
[White "Lakshmi C"]
[Black "Barbot, Pierre"]
[WhiteFideId "25035347"]
[BlackFideId "663727"]
[WhiteElo "1942"]
[BlackElo "2431"]
[Result "1-0"]
[Round "2"]
[TimeControl "180+2"]
[Date "2023.06.06"]
[WhiteClock "0:00:12"]
[BlackClock "0:00:01"]
[Board "201"]

1. d4 Nf6 2. c4 g6 3. Nc3 d5 4. e3 Bg7 5. Nf3 O-O 6. cxd5 Nxd5 7. Bc4 Nxc3 8. bxc3 c5 9. O-O Qc7 10. Qb3 Nc6 11. Ng5 e6 12. Ba3 Na5 13. Qa4 Nxc4 14. Qxc4 b6 15. dxc5 Bb7 16. c6 Rfc8 17. Nxe6 fxe6 18. Qxe6+ Kh8 19. cxb7 Qxb7 20. Bb2 Rc6 21. Qd5 Qc7 22. Rac1 Rd8 23. Qb3 Rc4 24. Rfd1 Rc8 25. Rd3 Rh4 26. g3 Rh5 27. Rcd1 Bf6 28. Rd7 Qc6 29. Qa3 1-0


[Site "https://www.chess.com"]

[Event "Titled Tuesday Blitz June 6 Early 2023"]
[White "Jiang, Brian"]
[Black "Delorme, Alban"]
[WhiteFideId "2627922"]
[BlackFideId "623636"]
[WhiteElo "2431"]
[BlackElo "2196"]
[Result "1-0"]
[Round "2"]
[TimeControl "180+2"]
[Date "2023.06.06"]
[WhiteClock "0:00:22"]
[BlackClock "0:00:02"]
[Board "202"]

1. c4 Nf6 2. Nc3 g6 3. d4 Bg7 4. e4 d6 5. f3 O-O 6. Be3 e5 7. d5 a5 8. Qd2 Na6 9. g4 Nc5 10. Nge2 Nfd7 11. Ng3 Qe7 12. Be2 c6 13. h4 cxd5 14. Nxd5 Qd8 15. h5 Ne6 16. Bh6 g5 17. Bxg7 Kxg7 18. Nf5+ Kh8 19. Nxd6 Ndc5 20. Nf5 Nf4 21. Nxf4 gxf4 22. Qc3 Qc7 23. Rd1 Bxf5 24. exf5 Rad8 25. O-O Rxd1 26. Rxd1 f6 27. Qd2 e4 28. Qd6 Qc8 29. h6 Nd3 30. Rxd3 exd3 31. Qe7 Qc5+ 32. Qxc5 dxe2 33. Qxf8# 1-0


[Site "https://www.chess.com"]

[Event "Titled Tuesday Blitz June 6 Early 2023"]
[White "Shapiro, Viktor"]
[Black "Blackwhite017"]
[WhiteFideId "4175700"]
[WhiteElo "2212"]
[BlackElo "2085"]
[Result "1-0"]
[Round "2"]
[TimeControl "180+2"]
[Date "2023.06.06"]
[WhiteClock "0:02:12"]
[BlackClock "0:00:51"]
[Board "203"]

1. c4 Nf6 2. Nc3 c6 3. d4 d5 4. Nf3 dxc4 5. a4 e6 6. Bg5 c5 7. e3 Nc6 8. Bxc4 cxd4 9. exd4 Be7 10. O-O O-O 11. Qe2 h6 12. Be3 Nb4 13. Ne5 Nbd5 14. Rac1 Nxe3 15. fxe3 Nd7 16. Nxf7 Rxf7 17. Bxe6 Nf6 18. Bb3 Bg4 19. Bxf7+ Kxf7 20. Qxg4 1-0


[Site "https://www.chess.com"]

[Event "Titled Tuesday Blitz June 6 Early 2023"]
[White "Aung Thant Zin"]
[Black "Yeritsyan, Hayk"]
[WhiteFideId "13000063"]
[BlackFideId "13307320"]
[WhiteElo "2278"]
[BlackElo "2429"]
[Result "1-0"]
[Round "2"]
[TimeControl "180+2"]
[Date "2023.06.06"]
[WhiteClock "0:01:03"]
[BlackClock "0:00:03"]
[Board "204"]

1. e4 c5 2. Nf3 d6 3. Bb5+ Nd7 4. O-O Nf6 5. Re1 e5 6. c3 Be7 7. d4 O-O 8. Nbd2 Qc7 9. h3 a6 10. Bf1 b5 11. a4 Rb8 12. b3 Re8 13. Bb2 b4 14. dxe5 bxc3 15. Bxc3 Nxe5 16. Nxe5 dxe5 17. Nc4 Bf8 18. Qc2 Nh5 19. g3 f6 20. Be2 g6 21. Bxh5 gxh5 22. Kh2 h4 23. gxh4 Kh8 24. Rg1 Bh6 25. Qe2 Rxb3 26. Rg3 Bf4 27. Rc1 Qd7 28. Qf1 Rg8 29. Ne3 Rxc3 30. Rxc3 Rxg3 31. fxg3 Qd2+ 32. Ng2 Bxg3+ 33. Rxg3 Qd6 34. Qf3 Bd7 35. Qh5 Qf8 36. Ne3 Be8 37. Qf3 Bg6 38. Nd5 f5 39. h5 Be8 40. Qxf5 Qxf5 41. exf5 Bf7 42. Nf6 c4 43. h6 a5 44. Rg7 Bg8 45. Rc7 e4 46. Rc8 c3 47. Rxg8# 1-0


[Site "https://www.chess.com"]

[Event "Titled Tuesday Blitz June 6 Early 2023"]
[White "Avazkhonov, Alikhon"]
[Black "Maluco_do_Natal_00"]
[WhiteFideId "14208504"]
[WhiteElo "1739"]
[BlackElo "2072"]
[Result "1-0"]
[Round "2"]
[TimeControl "180+2"]
[Date "2023.06.06"]
[WhiteClock "0:00:04"]
[BlackClock "0:00:02"]
[Board "205"]

1. d4 d5 2. c4 c6 3. Nc3 Nf6 4. Nf3 dxc4 5. a4 Bf5 6. Ne5 Nbd7 7. Nxc4 Nb6 8. Ne5 Nfd7 9. Nd3 Nf6 10. a5 Nbd5 11. Nc5 b6 12. Nb3 e6 13. f3 Bg6 14. e4 Nb4 15. Be3 Be7 16. Bc4 O-O 17. O-O h6 18. Qd2 Qc8 19. Rfc1 Rd8 20. Qf2 Qb7 21. g4 Rac8 22. h4 Bh7 23. g5 hxg5 24. hxg5 Nh5 25. f4 g6 26. Qf3 Kg7 27. f5 exf5 28. exf5 Kg8 29. Rf1 Bf8 30. a6 Qd7 31. Bf4 Nd5 32. Bxd5 cxd5 33. f6 Nxf4 34. Qxf4 Bd6 35. Qh4 Rc4 36. Kg2 Qe6 37. Rh1 Kf8 38. Qxh7 Ke8 39. Rae1 Kd7 40. Rxe6 Kxe6 41. Re1+ Kf5 42. Qh3+ Kxg5 43. Kf3 Kxf6 44. Nxd5+ Kg7 45. Rh1 1-0


[Site "https://www.chess.com"]

[Event "Titled Tuesday Blitz June 6 Early 2023"]
[White "Torres Dominguez, David"]
[Black "Redzisz, Michal"]
[WhiteFideId "2220857"]
[BlackFideId "21816107"]
[WhiteElo "1999"]
[BlackElo "2175"]
[Result "0-1"]
[Round "2"]
[TimeControl "180+2"]
[Date "2023.06.06"]
[WhiteClock "0:00:17"]
[BlackClock "0:00:12"]
[Board "206"]

1. e4 e6 2. d4 d5 3. exd5 exd5 4. Bd3 Nf6 5. Nf3 Bd6 6. O-O O-O 7. h3 h6 8. Re1 Nbd7 9. Nc3 c5 10. Nb5 Bb8 11. dxc5 Nxc5 12. Nbd4 a6 13. c3 b5 14. a3 Bb7 15. Ne5 Nfe4 16. Nec6 Bxc6 17. Nxc6 Qf6 18. Bxe4 Nxe4 19. Nxb8 Qxf2+ 20. Kh1 Raxb8 21. Be3 Qf5 22. Qd4 Rfe8 23. Rad1 Rbd8 24. Kh2 h5 25. Rf1 Qg6 26. Bf4 h4 27. Rde1 Ng3 28. Rg1 Ne2 29. Rxe2 Rxe2 30. Bc7 Rd7 31. Be5 Re7 32. Bf4 Qe4 33. Qxe4 dxe4 34. b4 Rc2 35. Bd6 Re6 36. Bc5 e3 37. Re1 e2 38. Kg1 Rxc3 39. Kf2 Rxa3 40. Rxe2 Rxe2+ 41. Kxe2 Ra2+ 42. Kf3 Rc2 43. Bf2 Rc4 44. Bxh4 Rxh4 0-1


[Site "https://www.chess.com"]

[Event "Titled Tuesday Blitz June 6 Early 2023"]
[White "Mazurkiewicz, Michal"]
[Black "Joubert, Dantelle"]
[WhiteFideId "1124943"]
[BlackFideId "14310813"]
[WhiteElo "2063"]
[BlackElo "1507"]
[Result "0-1"]
[Round "2"]
[TimeControl "180+2"]
[Date "2023.06.06"]
[WhiteClock "0:01:39"]
[BlackClock "0:01:05"]
[Board "207"]

1. e4 c5 2. Nf3 d6 3. g3 Nf6 4. d3 g6 5. Bg2 Bg7 6. O-O O-O 7. Re1 Nc6 8. e5 Nd7 9. exd6 exd6 10. Nc3 Nde5 11. Nxe5 Nxe5 12. h3 Rb8 13. a4 Be6 14. Nd5 Qd7 15. Kh2 h5 16. Bh6 Bxd5 17. Bxg7 Bxg2 18. Kxg2 Qc6+ 19. Re4 Kxg7 20. f3 f5 21. Re1 Rbe8 22. Qd2 Nxf3 23. Qc3+ Nd4+ 24. Kh2 Qf3 0-1


[Site "https://www.chess.com"]

[Event "Titled Tuesday Blitz June 6 Early 2023"]
[White "Alexikov, Alexander"]
[Black "Alexanian, Nelli"]
[WhiteFideId "14103958"]
[BlackFideId "4170539"]
[WhiteElo "2186"]
[BlackElo "2049"]
[Result "1-0"]
[Round "2"]
[TimeControl "180+2"]
[Date "2023.06.06"]
[WhiteClock "0:01:39"]
[BlackClock "0:01:06"]
[Board "208"]

1. e4 e6 2. d4 d5 3. Nc3 Bb4 4. Ne2 dxe4 5. a3 Bxc3+ 6. Nxc3 f5 7. f3 e3 8. Bxe3 Nf6 9. Qd2 Nbd7 10. d5 e5 11. O-O-O Qe7 12. Nb5 Nxd5 13. Qxd5 c6 14. Nc7+ Kd8 15. Ne6+ Ke8 16. Qb3 Nf6 17. Rd8+ 1-0


[Site "https://www.chess.com"]

[Event "Titled Tuesday Blitz June 6 Early 2023"]
[White "White, John S."]
[Black "ArchibaldCerveza29"]
[WhiteFideId "2502348"]
[WhiteElo "1982"]
[BlackElo "2418"]
[Result "0-1"]
[Round "2"]
[TimeControl "180+2"]
[Date "2023.06.06"]
[WhiteClock "0:00:08"]
[BlackClock "0:00:09"]
[Board "209"]

1. e4 e5 2. Nf3 Nc6 3. d4 exd4 4. Nxd4 Bc5 5. Be3 Qf6 6. c3 Nge7 7. Bc4 O-O 8. O-O b6 9. Nb5 Bxe3 10. fxe3 Qe5 11. Nd2 a6 12. Nd4 Bb7 13. Qc2 Na5 14. Bd3 d5 15. N2f3 Qh5 16. exd5 Nxd5 17. Rae1 Rae8 18. Qd2 c5 19. Nb3 Nc6 20. e4 Nf6 21. Qe2 b5 22. Bb1 Ne5 23. Nxe5 Qxe2 24. Rxe2 Rxe5 25. Nd2 Rfe8 26. Rfe1 Kf8 27. h3 Ke7 28. Nf3 Re6 29. Ng5 Rb6 30. e5 Nd5 31. Nxh7 b4 32. cxb4 Rxb4 33. b3 Nf4 34. Rf2 a5 35. Ng5 a4 36. bxa4 Rxa4 37. Bc2 Rxa2 38. Rxf4 Rxc2 39. Rf2 Rxf2 40. Kxf2 Ra8 41. Re2 c4 42. Ne4 Ra3 43. Rc2 Bxe4 44. Rxc4 Bd5 45. Rc7+ Ke6 46. Rc8 Ra2+ 47. Kg3 Rxg2+ 48. Kf4 Rh2 49. Kg3 Rg2+ 50. Kh4 Rg1 51. Rc3 Kf5 52. Re3 Kf4 53. Re2 Bf3 54. Rf2 g5# 0-1


[Site "https://www.chess.com"]